Map: [ESL] Waterfall

Players

Creature

  • Race: Protoss Protoss
  • Spawn Location: 7:00

trigger - Winner!

  • Race: Protoss Protoss
  • Spawn Location: 1:00

Event: DreamHack SC2 Masters 2022 Atlanta (Online)

VOD

Have the link to the VOD?

Description

Time

  • Played on: Oct. 4, 2022, 4:25 p.m.
  • Length: 5:52

All games in this series

Show
View Real Time Build Order
Export as new Build Order

Creature Protoss 

Build Orders: 1 Gate Expand, Proxy Void Ray 

Get SALT Encoding   

  12  0:00  Probe  
  13  0:12  Probe  
  14  0:18  Pylon  
  14  0:24  Probe (Chrono Boost)  
  15  0:36  Probe (Chrono Boost)  
  15  0:39  Gateway  
  16  0:45  Probe (Chrono Boost)  
  16  0:46  Assimilator  
  17  0:51  Probe  
  18  1:03  Probe  
  19  1:15  Probe  
  20  1:24  Nexus  
  20  1:34  Cybernetics Core  
  20  1:37  Probe  
  21  1:44  Assimilator  
  21  1:48  Pylon  
  21  1:54  Zealot  
  23  2:06  Probe (Chrono Boost)  
  24  2:16  Stargate  
  24  2:19  Probe (Chrono Boost)  
  25  2:24  Stalker (Chrono Boost)  
  25  2:25  Probe (Chrono Boost)  
  28  2:34  Shield Battery  
  28  2:37  Probe  
  28  2:39  Probe  
  30  2:49  Stalker  
  30  2:50  Probe  
  33  2:55  Probe  
  34  3:11  Void Ray (Chrono Boost)  
  36  3:14  Probe  
  36  3:18  Shield Battery  
  37  3:23  Shield Battery  
  37  3:31  Pylon  
  41  3:44  Probe, Void Ray (Chrono Boost)  
  41  3:47  Probe  
  43  3:50  Sentry  
  45  3:57  Gateway  
  45  4:01  Probe  
  46  4:03  Probe  
  46  4:05  Warp Gate  
  46  4:07  Pylon  
  47  4:14  Pylon  
  47  4:19  Probe  
  46  4:32  Void Ray (Chrono Boost)  
  46  4:35  Shield Battery  
  46  4:36  Shield Battery  
  46  4:38  Probe  
  47  4:43  Probe  
  50  4:48  Pylon  
  50  4:57  Stalker  
  48  5:10  Pylon  
  52  5:23  Gateway  
  52  5:25  Gateway  
  46  5:32  Probe  
  46  5:34  Probe  
  40  5:42  Robotics Facility  
Show
View Real Time Build Order
Export as new Build Order

trigger Protoss - Winner!

Build Orders:  

Get SALT Encoding   

  12  0:00  Probe  
  13  0:12  Probe  
  14  0:17  Pylon  
  14  0:24  Probe (Chrono Boost)  
  15  0:36  Probe (Chrono Boost)  
  15  0:37  Gateway  
  16  0:43  Probe (Chrono Boost)  
  16  0:46  Assimilator  
  17  0:51  Probe  
  17  0:55  Assimilator  
  18  1:03  Probe (Chrono Boost)  
  19  1:08  Gateway  
  19  1:13  Probe (Chrono Boost)  
  19  1:18  Probe (Chrono Boost)  
  20  1:25  Cybernetics Core  
  21  1:30  Probe  
  22  1:36  Pylon  
  22  1:42  Probe  
  23  1:56  Gateway  
  23  1:58  Warp Gate (Chrono Boost)  
  23  2:03  Stalker  
  23  2:07  Stalker  
  27  2:19  Pylon  
  27  2:35  Stalker  
  29  2:37  Stalker  
  33  2:53  Pylon  
  32  3:00  Pylon  
  32  3:11  Stalker x2  
  36  3:15  Pylon  
  36  3:29  Gateway  
  34  3:40  Stalker  
  36  3:45  Probe  
  37  3:49  Stalker x2  
  39  4:03  Stalker  
  41  4:11  Stalker  
  41  4:12  Stalker  
  39  4:29  Stalker x2  
  37  4:34  Stalker  
  39  4:41  Stalker  
  41  4:55  Stalker  
  41  4:57  Stalker  
  45  5:09  Sentry, Pylon  
  47  5:34  Stalker x3  
  49  5:45  Stalker  
Tags
 
Add a new tag
Caveats
  • Supply blocks, unpowered buildings, or Contaminate may cause inaccurate times.
  • Supply counts are checked every 10 seconds.